AoeStats
← NameBeNate

Arena

509796411Analyzed
1v1 RM · 5d ago on Sep 28, 2026· 56m 54s· 2 players
Game mode
Random Map
Map size
Tiny (2 player)
Population
200
Speed
Normal
Resources
Standard
Victory
Conquest
Starting age
Dark Age
Ending age
Imperial Age
RankedLock teamsTeams togetherTeam positionsShared explorationLock speedFull tech treeHidden civsTurbo modeCheats
Victory
Defeat
🇺🇸 Bohemians · United States
1101
+15
🇺🇸 Portuguese · United States
1075
-15
jensen0james
10:49 Feudal Age
11:03 Loom
11:10 Loom
14:30 Castle Age
13:35 Double-Bit Axe
14:00 Horse Collar
16:38 Bow Saw
19:56 Gold Mining
20:23 Heavy Plow
20:58 Gold Mining
28:43 Imperial Age
27:38 Fletching
30:02 Wheelbarrow
29:52 Conscription
29:11 Elite Organ Gun
30:22 Stone Mining
32:41 Chemistry
33:13 Stone Shaft Mining
33:38 Town Watch
36:13 Conscription
36:25 Arquebus
37:30 Fletching
37:57 Hand Cart
39:43 Siege Engineers
40:31 Bodkin Arrow
47:22 Guilds
NameBeNate
8:00 Loom
10:44 Feudal Age
15:57 Castle Age
14:10 Double-Bit Axe
14:38 Horse Collar
21:01 Fervor
22:01 Wheelbarrow
22:43 Bow Saw
24:22 Town Watch
24:59 Hand Cart
30:24 Imperial Age
29:10 Chemistry
29:40 Heavy Plow
30:53 Wagenburg Tactics
31:43 Fletching
31:42 Houfnice
34:06 Two-Man Saw
34:22 Siege Engineers
33:51 Pikeman
34:32 Squires
34:36 Scale Mail Armor
34:46 Forging
34:17 Elite Hussite Wagon
36:18 Halberdier
37:18 Chain Mail Armor
40:43 Plate Mail Armor
40:48 Iron Casting
51:37 Conscription
51:58 Guilds
Connection lost

Rejoining the realm…

Still unreachable

The connection could not be restored.

Session expired

The server has moved on; the page needs a fresh start.